[ AOE2 MATCH · #485097379 ]
UnrankedDravidians vs Portuguese
Player's team · LOSS
[ REPLAY ANALYSIS · EXTRACTED FROM THE RECORDED GAME ]
Feudal
9:23
Castle
20:24
Imperial
36:20
| APM avg | 66.9 |
| APM peak | 140 |
| eAPM avg | 38.1 |
| Villagers / military | 115 / 71 |
Focus
⚔️ 62.0% · 🌾 38.0%
Archer ×32 · Spearman ×21 · Skirmisher ×11 · Mangonel ×4 · Militia ×3
Feudal
9:11
Castle
19:48
Imperial
31:45
| APM avg | 54.3 |
| APM peak | 78 |
| eAPM avg | 26.2 |
| Villagers / military | 119 / 74 |
Focus
⚔️ 38.3% · 🌾 61.7%
Knight ×28 · Organ Gun ×24 · Skirmisher ×14 · Mangonel ×3 · Trebuchet (Packed) ×3 · Monk ×2
Match map
Initial resources + every placement click. Lines = walls · curves = elevation contours. ◆ gold · ⬟ stone · ● berries · ✦ relic · ◌ wall gap
Your base· ✓ Closed at 20:24 · 28t walls · no gate
hK | Bipolard's base· Open — opponent sealed themselves in
Smoothed initial terrain · ◌ = detected wall gap · hover for details
Inputs per minute
— _RaiD__ - - hK | Bipolard
Build order — _RaiD__
First 150 of 322 actions detected
| 0:02 | Create | Villager (Male) ×4 |
| 0:03 | Build | House |
| 0:04 | Build | House |
| 1:32 | Create | Villager (Male) |
| 1:32 | Create | Villager (Male) |
| 2:05 | Create | Villager (Male) |
| 2:33 | Create | Villager (Male) |
| 2:41 | Create | Villager (Male) |
| 2:41 | Create | Villager (Male) |
| 3:16 | Create | Villager (Male) |
| 3:20 | Build | Lumber Camp |
| 3:45 | Create | Villager (Male) |
| 4:00 | Build | House |
| 4:07 | Create | Villager (Male) |
| 4:16 | Create | Villager (Male) |
| 4:32 | Build | House |
| 4:51 | Create | Villager (Male) |
| 5:14 | Create | Villager (Male) |
| 5:42 | Create | Villager (Male) |
| 5:56 | Create | Villager (Male) |
| 6:14 | Research | Loom |
| 6:16 | Build | Barracks |
| 6:48 | Create | Villager (Male) |
| 7:07 | Build | House |
| 7:08 | Research | Feudal Age |
| 7:08 | Research | Feudal Age |
| 7:31 | Create | Militia |
| 7:35 | Build | Palisade Wall |
| 7:36 | Build | Palisade Wall |
| 7:45 | Create | Militia |
| 8:00 | Build | Mill |
| 8:08 | Create | Militia |
| 8:39 | Create | Villager (Male) |
| 9:23 | Age | Feudal Age |
| 9:26 | Research | Man-at-Arms (upgrade) |
| 9:27 | Create | Villager (Male) |
| 9:30 | Build | Archery Range |
| 9:53 | Build | Farm |
| 9:56 | Create | Villager (Male) |
| 10:06 | Build | Farm |
| 10:16 | Build | Farm |
| 10:21 | Build | House |
| 10:23 | Research | Double-Bit Axe |
| 10:23 | Research | Double-Bit Axe |
| 10:25 | Create | Skirmisher |
| 10:31 | Build | Farm |
| 10:35 | Create | Villager (Male) |
| 10:44 | Create | Skirmisher |
| 10:46 | Build | Farm |
| 10:56 | Create | Skirmisher |
| 10:58 | Build | Palisade Wall |
| 11:04 | Create | Villager (Male) |
| 11:09 | Build | Farm |
| 11:13 | Build | House |
| 11:18 | Create | Villager (Male) |
| 11:31 | Build | Farm |
| 11:36 | Create | Skirmisher |
| 11:39 | Create | Villager (Male) |
| 11:44 | Build | Palisade Wall |
| 11:53 | Build | House |
| 11:58 | Create | Spearman |
| 11:59 | Create | Villager (Male) |
| 12:03 | Build | Palisade Wall |
| 12:12 | Create | Skirmisher |
| 12:13 | Create | Villager (Male) |
| 12:19 | Build | House |
| 12:33 | Create | Skirmisher |
| 12:37 | Build | Palisade Wall |
| 12:55 | Create | Villager (Male) |
| 13:02 | Create | Villager (Male) |
| 13:14 | Build | Blacksmith |
| 13:20 | Create | Villager (Male) |
| 13:27 | Create | Skirmisher |
| 13:31 | Create | Villager (Male) |
| 13:38 | Create | Villager (Male) |
| 13:41 | Build | Palisade Wall |
| 13:44 | Build | Palisade Wall |
| 13:46 | Build | Palisade Wall |
| 13:52 | Build | Market |
| 13:54 | Research | Fletching |
| 13:54 | Research | Fletching |
| 13:55 | Create | Villager (Male) |
| 14:01 | Create | Skirmisher |
| 14:03 | Build | House |
| 14:04 | Build | House |
| 14:12 | Build | Farm |
| 14:25 | Create | Skirmisher |
| 14:26 | Create | Villager (Male) |
| 14:28 | Build | Farm |
| 14:35 | Create | Villager (Male) |
| 14:49 | Create | Villager (Male) |
| 14:50 | Build | Farm |
| 14:52 | Build | Farm |
| 14:57 | Create | Skirmisher |
| 15:02 | Create | Villager (Male) |
| 15:16 | Create | Spearman |
| 15:19 | Create | Villager (Male) |
| 15:23 | Build | Mining Camp |
| 15:28 | Create | Skirmisher |
| 15:45 | Create | Villager (Male) |
| 15:51 | Build | House |
| 15:57 | Create | Villager (Male) |
| 15:59 | Build | Farm |
| 16:16 | Build | Farm |
| 16:27 | Build | House |
| 16:46 | Build | Farm |
| 16:56 | Build | House |
| 17:23 | Build | Lumber Camp |
| 17:27 | Build | House |
| 17:42 | Research | Castle Age |
| 17:42 | Research | Castle Age |
| 17:47 | Build | House |
| 18:17 | Create | Archer |
| 18:30 | Build | House |
| 18:32 | Build | House |
| 18:32 | Build | House |
| 18:50 | Create | Villager (Male) |
| 19:05 | Build | Archery Range |
| 19:08 | Create | Archer |
| 19:37 | Create | Villager (Male) |
| 19:39 | Create | Archer |
| 19:51 | Create | Archer |
| 19:54 | Create | Archer |
| 19:54 | Create | Archer |
| 20:04 | Build | Palisade Wall |
| 20:08 | Build | House |
| 20:12 | Create | Villager (Male) |
| 20:24 | Age | Castle Age |
| 20:26 | Research | Bodkin Arrow |
| 20:31 | Research | Elite Skirmisher (upgrade) |
| 20:32 | Create | Villager (Male) |
| 20:35 | Build | Town Center |
| 20:42 | Build | Lumber Camp |
| 20:54 | Research | Gold Mining |
| 20:57 | Research | Horse Collar |
| 21:01 | Create | Archer |
| 21:18 | Build | Farm |
| 21:23 | Build | Farm |
| 21:33 | Create | Archer |
| 21:52 | Research | Bow Saw |
| 21:52 | Research | Bow Saw |
| 22:24 | Create | Villager (Male) |
| 22:25 | Create | Villager (Male) |
| 22:26 | Create | Villager (Male) |
| 22:27 | Create | Villager (Male) |
| 22:30 | Create | Villager (Male) |
| 22:39 | Create | Archer |
| 22:49 | Build | Farm |
| 22:50 | Build | Farm |
| 22:52 | Build | Farm |
Build order — hK | Bipolard
First 150 of 355 actions detected
| 0:01 | Create | Villager (Male) |
| 0:01 | Create | Villager (Male) |
| 0:02 | Build | House |
| 0:03 | Build | House |
| 0:05 | Create | Villager (Male) |
| 0:13 | Create | Villager (Male) |
| 0:13 | Create | Villager (Male) |
| 1:25 | Create | Villager (Male) |
| 1:48 | Build | Lumber Camp |
| 1:57 | Create | Villager (Male) |
| 1:58 | Create | Villager (Male) |
| 2:14 | Create | Villager (Male) |
| 2:14 | Create | Villager (Male) |
| 2:44 | Create | Villager (Male) |
| 3:00 | Create | Villager (Male) |
| 3:00 | Create | Villager (Male) |
| 3:25 | Build | House |
| 3:27 | Build | House |
| 3:34 | Create | Villager (Male) |
| 3:49 | Create | Villager (Male) |
| 3:53 | Build | Palisade Wall |
| 3:54 | Build | Palisade Wall |
| 4:04 | Build | Palisade Wall |
| 4:05 | Build | House |
| 4:09 | Create | Villager (Male) |
| 4:09 | Create | Villager (Male) |
| 4:29 | Create | Villager (Male) |
| 4:29 | Create | Villager (Male) |
| 4:38 | Build | Palisade Wall |
| 4:51 | Create | Villager (Male) |
| 5:06 | Build | Mill |
| 5:31 | Create | Villager (Male) |
| 5:31 | Create | Villager (Male) |
| 5:54 | Research | Loom |
| 5:58 | Create | Villager (Male) |
| 6:00 | Create | Villager (Male) |
| 6:00 | Research | Loom |
| 7:01 | Research | Feudal Age |
| 7:36 | Build | Palisade Wall |
| 7:41 | Build | Lumber Camp |
| 8:25 | Build | Barracks |
| 8:30 | Build | Barracks |
| 8:53 | Create | Villager (Male) |
| 9:11 | Age | Feudal Age |
| 9:19 | Create | Villager (Male) |
| 9:25 | Build | Archery Range |
| 9:28 | Research | Double-Bit Axe |
| 9:31 | Build | Palisade Wall |
| 9:38 | Build | Palisade Wall |
| 9:41 | Build | House |
| 9:42 | Build | Palisade Wall |
| 9:50 | Create | Villager (Male) |
| 10:08 | Build | House |
| 10:10 | Create | Villager (Male) |
| 10:15 | Research | Horse Collar |
| 10:18 | Create | Skirmisher |
| 10:23 | Build | Farm |
| 10:32 | Build | Farm |
| 10:36 | Create | Skirmisher |
| 10:37 | Create | Villager (Male) |
| 10:39 | Build | Farm |
| 10:58 | Create | Skirmisher |
| 10:59 | Create | Villager (Male) |
| 11:05 | Build | House |
| 11:09 | Build | Palisade Wall |
| 11:11 | Create | Skirmisher |
| 11:12 | Create | Villager (Male) |
| 11:16 | Build | Farm |
| 11:18 | Build | Farm |
| 11:26 | Build | Palisade Wall |
| 11:42 | Create | Skirmisher |
| 11:43 | Create | Villager (Male) |
| 11:47 | Build | Farm |
| 11:56 | Create | Villager (Male) |
| 12:01 | Create | Skirmisher |
| 12:07 | Build | Farm |
| 12:08 | Create | Villager (Male) |
| 12:26 | Create | Villager (Male) |
| 12:28 | Build | Farm |
| 12:36 | Build | Farm |
| 12:47 | Build | Farm |
| 13:00 | Create | Villager (Male) |
| 13:02 | Build | Farm |
| 13:05 | Build | Farm |
| 13:07 | Build | House |
| 13:40 | Build | House |
| 13:47 | Build | House |
| 13:48 | Build | House |
| 13:51 | Create | Villager (Male) |
| 13:59 | Build | Blacksmith |
| 14:03 | Create | Skirmisher |
| 14:25 | Create | Villager (Male) |
| 14:32 | Build | Palisade Wall |
| 14:32 | Build | Palisade Wall |
| 14:33 | Build | Palisade Wall |
| 14:42 | Build | Farm |
| 14:51 | Build | Farm |
| 14:51 | Create | Villager (Male) |
| 14:53 | Build | Mining Camp |
| 14:59 | Build | Stone Wall |
| 15:11 | Build | Farm |
| 15:15 | Build | Farm |
| 15:23 | Create | Skirmisher |
| 15:25 | Create | Villager (Male) |
| 15:46 | Create | Villager (Male) |
| 16:02 | Build | Market |
| 16:08 | Create | Villager (Male) |
| 16:14 | Create | Skirmisher |
| 16:26 | Build | House |
| 17:08 | Research | Castle Age |
| 17:21 | Create | Skirmisher |
| 17:52 | Research | Fletching |
| 17:55 | Create | Skirmisher |
| 17:56 | Create | Skirmisher |
| 17:56 | Create | Skirmisher |
| 19:04 | Create | Skirmisher |
| 19:41 | Create | Villager (Male) |
| 19:48 | Age | Castle Age |
| 19:51 | Build | Town Center |
| 19:52 | Research | Wheelbarrow |
| 19:57 | Create | Villager (Male) |
| 20:00 | Build | Town Center |
| 20:11 | Research | Bow Saw |
| 20:13 | Create | Villager (Male) |
| 20:24 | Research | Heavy Plow |
| 20:43 | Build | House |
| 20:44 | Build | House |
| 20:47 | Build | House |
| 21:03 | Create | Villager (Male) |
| 21:06 | Create | Villager (Male) |
| 21:06 | Create | Villager (Male) |
| 21:14 | Create | Villager (Male) |
| 21:21 | Build | Monastery |
| 21:26 | Create | Villager (Male) |
| 21:26 | Create | Villager (Male) |
| 21:33 | Create | Villager (Male) |
| 21:49 | Build | Castle |
| 21:51 | Create | Villager (Male) |
| 22:26 | Create | Villager (Male) |
| 22:26 | Create | Villager (Male) |
| 22:29 | Create | Monk |
| 22:31 | Build | Farm |
| 22:34 | Create | Villager (Male) |
| 22:37 | Create | Villager (Male) |
| 22:37 | Create | Villager (Male) |
| 22:38 | Build | Farm |
| 22:40 | Build | Farm |
| 22:42 | Build | Lumber Camp |
| 22:50 | Build | Farm |
| 22:52 | Build | Farm |
Match timeline
| 3:53 | hK | Bipolard · wall_segment Palisade Wall x1 |
| 3:54 | hK | Bipolard · wall_segment Palisade Wall x1 |
| 4:04 | hK | Bipolard · wall_segment Palisade Wall x1 |
| 4:38 | hK | Bipolard · wall_segment Palisade Wall x4 |
| 6:16 | _RaiD__ · first_building Barracks |
| 7:35 | _RaiD__ · wall_segment Palisade Wall x1 |
| 7:36 | _RaiD__ · wall_segment Palisade Wall x1 |
| 7:36 | hK | Bipolard · wall_segment Palisade Wall x1 |
| 8:25 | hK | Bipolard · first_building Barracks |
| 9:11 | hK | Bipolard · age_up feudal |
| 9:23 | _RaiD__ · age_up feudal |
| 9:25 | hK | Bipolard · first_building Archery Range |
| 9:30 | _RaiD__ · first_building Archery Range |
| 9:31 | hK | Bipolard · wall_segment Palisade Wall x4 |
| 9:38 | hK | Bipolard · wall_segment Palisade Wall x1 |
| 9:42 | hK | Bipolard · wall_segment Palisade Wall x1 |
| 10:58 | _RaiD__ · wall_segment Palisade Wall x1 |
| 11:09 | hK | Bipolard · wall_segment Palisade Wall x4 |
| 11:26 | hK | Bipolard · wall_segment Palisade Wall x8 |
| 11:44 | _RaiD__ · wall_segment Palisade Wall x6 |
| 12:03 | _RaiD__ · wall_segment Palisade Wall x4 |
| 12:37 | _RaiD__ · wall_segment Palisade Wall x14 |
| 13:41 | _RaiD__ · wall_segment Palisade Wall x1 |
| 13:44 | _RaiD__ · wall_segment Palisade Wall x1 |
| 13:46 | _RaiD__ · wall_segment Palisade Wall x1 |
| 14:32 | hK | Bipolard · wall_segment Palisade Wall x1 |
| 14:32 | hK | Bipolard · wall_segment Palisade Wall x1 |
| 14:33 | hK | Bipolard · wall_segment Palisade Wall x1 |
| 14:58 | _RaiD__ · first_market_sell 500 stone |
| 14:59 | _RaiD__ · first_market_buy 100 food |
| 14:59 | hK | Bipolard · wall_segment Stone Wall x4 |
| 16:50 | hK | Bipolard · first_market_sell 100 stone |
| 19:48 | hK | Bipolard · age_up castle |
| 20:04 | _RaiD__ · wall_segment Palisade Wall x1 |
| 20:24 | _RaiD__ · age_up castle |
| 21:21 | hK | Bipolard · first_building Monastery |
| 21:36 | hK | Bipolard · first_market_buy 100 stone |
| 21:49 | hK | Bipolard · first_building Castle |
| 23:27 | _RaiD__ · first_building Siege Workshop |
| 25:08 | hK | Bipolard · first_building Siege Workshop |
| 25:48 | _RaiD__ · first_building Monastery |
| 30:32 | hK | Bipolard · first_building Stable |
| 31:45 | hK | Bipolard · age_up imperial |
| 34:14 | _RaiD__ · first_building Castle |
| 36:20 | _RaiD__ · age_up imperial |
| 37:50 | _RaiD__ · resign |
[ AI ANALYSIS · 1 CREDIT ]
What really happened in this match?
Wolo.gg analyzes every decision: build order, eco, micro, common mistakes by bracket. Personalized analysis on WhatsApp or Discord in 30 seconds.
Civ guide
Dravidians
Perfil
Jugador #4375138